 Dungeon Crawl Stone Soup version 0.22.0-75-g3901e79 (webtiles) character file.

56 whitewolfNL the Firebug (level 3, -15/19 HPs)
             Began as a Gargoyle Fire Elementalist on Sept 11, 2018.
             Killed from afar by an adder (34 damage)
             ... with an exploding inner flame
             ... hexed by the player character
             ... on level 2 of the Dungeon.
             The game lasted 00:16:58 (2550 turns).

whitewolfNL the Firebug (GrFE)                      Turns: 2550, Time: 00:16:58

Health: -15/19     AC:  6    Str: 11    XL:     3   Next: 95%
Magic:  0/6        EV: 11    Int: 16    God:
Gold:   82         SH:  0    Dex: 10    Spells: 0/6 levels left

rFire    . . .     SeeInvis .   i - +0 mace
rCold    . . .     Gourm    .   (no shield)
rNeg     + . .     Faith    .   d - +0 leather armour
rPois    ∞         Spirit   .   (no helmet)
rElec    +         Reflect  .   (no cloak)
rCorr    .         Harm     .   (no gloves)
MR       .....                  (no boots)
Stlth    ++........             (no amulet)
HPRegen  0.06/turn              (no ring)
MPRegen  0.10/turn              (no ring)

@: no status effects
A: negative energy resistance 1, electricity resistance, unbreathing,
petrification resistance, rot immunity, AC +3
a: no special abilities


You were on level 2 of the Dungeon.
You were not hungry.

You visited 1 branch of the dungeon, and saw 2 of its levels.

You collected 82 gold pieces.

Inventory:

Hand Weapons
 b - a +0 rapier
 i - a +0 mace (weapon)
 l - a +0 spear
Missiles
 f - 38 arrows
 h - 80 stones (quivered)
 t - 15 poisoned needles
Armour
 a - a +0 leather armour
 d - a +0 leather armour (worn)
 g - a +0 ring mail
 s - a +0 robe
Scrolls
 j - a scroll of enchant armour {unknown}
 k - a scroll of teleportation {unknown}
 m - a scroll of fear {unknown}
 n - 3 scrolls of identify {unknown}
 o - 3 scrolls of remove curse {unknown}
 p - a scroll of blinking {unknown}
Potions
 e - a potion of might {unknown}
 q - 2 potions of curing {unknown}
 r - a potion of cancellation {unknown}
Comestibles
 c - 4 rations


   Skills:
 + Level 0.1 Fighting
 + Level 0.4 Armour
 + Level 1.8 Dodging
 + Level 2.5 Stealth
 + Level 2.4 Spellcasting
 + Level 1.5 Conjurations
 + Level 3.8 Fire Magic


You couldn't memorise any spells.
You knew the following spells:

 Your Spells              Type           Power        Failure   Level  Hunger
a - Flame Tongue          Conj/Fire      ##...        9%          1    #......
b - Throw Flame           Conj/Fire      ##....       13%         2    ###....
c - Inner Flame           Hex/Fire       #.......     34%         3    ###....

Your spell library contained the following spells:

 Spells                   Type           Power        Failure   Level  Hunger
 Beastly Appendage        Tmut           #.....       26%         1    #......
 Conjure Flame            Conj/Fire      ##......     26%         3    ###....
 Sticks to Snakes         Tmut           #.......     36%         2    ###....
 Spider Form              Tmut/Pois      #.........   61%         3    ###....
 Sticky Flame             Conj/Fire      ##......     65%         4    #####..
 Fireball                 Conj/Fire      ##........   94%         5    ######.
 Ice Form                 Ice/Tmut       #.......     95%         4    #####..
 Blade Hands              Tmut           #.........   100%        5    ######.


Dungeon Overview and Level Annotations

Branches:
Dungeon (2/15)

Altars:


Innate Abilities, Weirdness & Mutations

You are resistant to torment.
Your stone body is resilient. (AC +3)
You are immune to poison.
You resist negative energy. (rN+)
You are resistant to electric shocks. (rElec)
You can survive without breathing.
You are immune to petrification.
You are immune to rotting.


Message History

Aiming: Inner Flame (safe; 34% risk of failure)
Press: ? - help, Shift-Dir - straight line, f - adder
Aim: an adder (resting, chance to defeat MR: 62%)
The adder is filled with an inner flame.
Casting: Inner Flame (safe; 34% risk of failure)
Confirm with . or Enter, or press ? or * to list all spells.
Aiming: Throw Flame (safe; 13% risk of failure)
Press: ? - help, Shift-Dir - straight line, f/p - adder
Aim: an adder (inner flame)
The puff of flame misses the adder.
The adder barely misses you.
Casting: Throw Flame (safe; 13% risk of failure)
Confirm with . or Enter, or press ? or * to list all spells.
Aiming: Flame Tongue (safe; 9% risk of failure)
Press: ? - help, Shift-Dir - straight line, f/p - adder
Aim: an adder (inner flame)
The flame tongue hits the adder.
The adder explodes!
The fiery explosion engulfs you!
Ouch! That really hurt!
You die...

#........# #####.####
###### #.# #....# #.#
#.##.## #........
#...... #........
#.##.##
.....##..#####
#.#....
..........§§§#
#.#..## ......... #@#
#.#..## .#.#######
#.# #....## ###.#
#.##### #......
#.#...## ###.###
#......# ###.###
#......# ##......
###.....# #.......
##.##...## #.......
##...##.######.......


There were no monsters in sight!

Vanquished Creatures
  3 adders (D:2)
  2 leopard geckos (D:2)
  A bat (D:2)
  2 giant cockroaches (D:2)
  2 goblins (D:2)
  5 hobgoblins
  2 frilled lizards
  3 kobolds
  8 rats
28 creatures vanquished.

Notes
Turn   | Place    | Note
-------+----------+-------------------------------------------
     0 | D:1      | whitewolfNL the Gargoyle Fire Elementalist began the quest
                  | for the Orb.
     0 | D:1      | Reached XP level 1. HP: 10/10 MP: 3/3
   252 | D:1      | Reached XP level 2. HP: 12/15 MP: 5/5
  1163 | D:2      | Learned a level 2 spell: Throw Flame
  1220 | D:2      | Reached XP level 3. HP: 19/19 MP: 1/6
  1523 | D:2      | Learned a level 3 spell: Inner Flame
  2550 | D:2      | Killed from afar by an adder

Action                   || total
-------------------------++-------
Melee: Club              ||    13
       Dagger            ||     1
       Mace              ||    25
 Cast: Flame Tongue      ||    23
       Throw Flame       ||    13
       Inner Flame       ||     3
 Stab: Sleeping          ||     2
  Eat: Ration            ||     2
Armor: Skin              ||     1
       Leather armour    ||    15
Dodge: Dodged            ||    35
